 Dungeon Crawl Stone Soup version 0.19-a0-1720-gc855d72 (webtiles) character file.

106 gottagoquickly the Chopper (level 4, 0/41 HPs)
             Began as a Minotaur Berserker on Sept 29, 2016.
             Was a Believer of Trog.
             Drowned by a drowned soul (3 damage)
             ... summoned by a malarious merfolk avatar
             ... in a sewer.
             The game lasted 00:05:00 (882 turns).

gottagoquickly the Chopper (Minotaur Berserker)      Turns: 882, Time: 00:05:01

Health: 0/41       AC:  3    Str: 22    XL:     4   Next: 55%
Magic:  3/3        EV: 12    Int:  9    God:    Trog [**....]
Gold:   76         SH:  0    Dex:  9    Spells: 0 memorised, 3 levels left

rFire  . . .     SeeInvis .     a - +0 hand axe
rCold  . . .     Gourm    .     b - +0 animal skin
rNeg   . . .     Faith    .     (no shield)
rPois  .         Spirit   .     (helmet restricted)
rElec  .         Dismiss  .     (no cloak)
rCorr  .         Reflect  .     (no gloves)
MR     .....     Harm     .     (no boots)
Stlth  +.........               (no amulet)
                                (no ring)
                                e - +4 ring of intelligence

@: flying, mesmerised
A: retaliatory headbutt, horns 2
a: Berserk, Trog's Hand, Burn Spellbooks, Renounce Religion


You were in a sewer.
You worshipped Trog.
Trog was pleased with you.
You were hungry.

You visited 1 branch of the dungeon, and saw 3 of its levels.
You also visited: Sewer.

You collected 76 gold pieces.

Inventory:

Hand Weapons
 a - a +0 hand axe (weapon)
Armour
 b - a +0 animal skin (worn)
Jewellery
 e - a +4 ring of intelligence (left hand)
Scrolls
 g - a scroll of remove curse {unknown}
 l - 2 scrolls of teleportation
Potions
 f - a potion of mutation {unknown}
 h - a potion of might {unknown}
 i - a potion of lignification {unknown}
 k - 3 potions of flight
Comestibles
 c - 3 chunks of flesh
 d - 3 bread rations
 j - 2 beef jerkies


   Skills:
 + Level 4.4 Fighting
 * Level 5.3 Axes
 + Level 3.4 Armour
 - Level 2.1 Dodging


You had 3 spell levels left.
You didn't know any spells.

Dungeon Overview and Level Annotations

Branches:
Dungeon (3/15)

Altars:


Innate Abilities, Weirdness & Mutations

You reflexively headbutt those who attack you in melee.
You have a pair of horns on your head.


Message History

You hit the malarious merfolk avatar but do no damage.
The malarious merfolk avatar is lightly wounded.
The malarious merfolk avatar chants its luring song.
Unknown command.
You hit the malarious merfolk avatar.
You headbutt the malarious merfolk avatar, but do no damage.
The malarious merfolk avatar is moderately wounded.
You hit the drowned soul.
Your skin stops crawling.
You feel less resistant to hostile enchantments.
The drowned soul touches you. The drowned soul drowns you.
* * * LOW HITPOINT WARNING * * *
The malarious merfolk avatar chants its luring song.
You hit the malarious merfolk avatar.
Your headbutt misses the malarious merfolk avatar.
The malarious merfolk avatar is heavily wounded.
You closely miss the drowned soul.
The malarious merfolk avatar chants its luring song.
The drowned soul touches you. The drowned soul drowns you.
You die...

###############
≈≈W≈≈≈≈≈≈≈≈≈≈≈≈
≈≈≈≈≈≈W≈≈≈≈≈≈≈
≈≈≈≈≈≈≈≈≈≈≈≈≈
≈≈≈≈≈≈≈≈≈≈≈#
≈≈≈≈≈≈≈≈≈≈.+
≈≈≈≈≈≈≈≈≈≈.# ####
≈≈≈≈≈≈≈@≈≈.# #..#
≈≈≈≈≈≈m≈≈≈.# #..#
≈≈≈≈≈≈≈≈≈≈†###..# #
≈≈≈≈W≈≈≈≈≈≈≈≈#..########
≈≈≈≈≈≈≈≈≈≈≈≈≈††≈≈≈≈≈≈≈≈≈
≈≈≈≈≈≈≈≈≈≈≈≈≈#.†########
≈≈≈≈≈≈≈≈≈≈≈###..# #≈≈..
≈≈≈≈≈≈≈≈≈≈≈# ##.## #≈÷##
≈≈≈≈≈≈≈≈## #..###..#


You could see a malarious merfolk avatar and 3 drowned souls.

Vanquished Creatures
  A siren (Sewer)
  2 adders (Sewer)
  2 river rats (Sewer)
  A dart slug (D:1)
  4 leopard geckos
  2 giant cockroaches
  2 goblins
  A hobgoblin (D:2)
  2 kobolds
  5 ball pythons (Sewer)
  A bat (D:2)
  3 frilled lizards (Sewer)
  23 rats
49 creatures vanquished.

Notes
Turn   | Place    | Note
-------+----------+-------------------------------------------
     0 | D:1      | gottagoquickly the Minotaur Berserker began the quest for the Orb.
     0 | D:1      | Reached XP level 1. HP: 19/19 MP: 0/0
     3 | D:1      | Noticed an electric eel
     4 | D:1      | Noticed an electric eel
   123 | D:1      | Reached skill level 4 in Axes
   172 | D:1      | Reached XP level 2. HP: 13/27 MP: 1/1
   412 | D:3      | Found a glowing drain.
   420 | Sewer    | Entered a sewer
   455 | Sewer    | Reached XP level 3. HP: 22/33 MP: 2/2
   503 | Sewer    | Noticed a sickly siren
   513 | Sewer    | Reached ** piety under Trog
   523 | Sewer    | Killed a sickly siren
   523 | Sewer    | Reached skill level 4 in Fighting
   523 | Sewer    | Reached skill level 5 in Axes
   523 | Sewer    | Reached skill level 3 in Armour
   548 | Sewer    | HP: 3/33 [poisoned by a sickly siren]
   648 | Sewer    | Reached XP level 4. HP: 22/40 MP: 3/3
   864 | Sewer    | Noticed a malarious merfolk avatar
   876 | Sewer    | and what am i supposed to do?
   876 | Sewer    | if it doesn't come close?
   879 | Sewer    | HP: 4/41 [drowned by a drowned soul[a malarious merfolk avatar] (3)]
   882 | Sewer    | Drowned by a drowned soul

Vault maps used:
D:1:      arrival_aquarium_b
D:2:      first_bread
D:3:      marbit_many_paths, lightli_sewer_entry_pipes, minivault_26,
          xom_teletrap_fun
Sewer:    sewer_sea

Skill      XL: |  1  2  3 |
---------------+----------+-----
Axes           | 4 5 |  5.3
Fighting       | 4 |  4.4
Armour         | 3 |  3.4
Dodging        | |  2.1

Action                   |  1- 3 |  4- 6 || total
-------------------------+-------+-------++-------
Melee: Hand axe          |    56 |    45 ||   101
       Headbutt          |     5 |     8 ||    13
Invok: Trog's Hand       |     1 |     1 ||     2
       Berserk           |       |     1 ||     1
  Use: Potion            |       |     1 ||     1
  Eat: Chunk             |       |     2 ||     2
Armor: Animal skin       |     9 |    17 ||    26
Dodge: Dodged            |    39 |    20 ||    59
